Map: Odyssey LE

Players

PrimalSun

  • Race: Zerg Zerg
  • League: Platinum
  • Spawn Location: 5:00

Yata - Winner!

  • Race: Zerg Zerg
  • League: Gold
  • Spawn Location: 11:00

VOD

Have the link to the VOD?

Description

Time

  • Played on: Sept. 9, 2017, 6:34 p.m.
  • Length: 15:15
Show
View Real Time Build Order
Export as new Build Order

PrimalSun Zerg 

Build Orders: Hatch First 

Get SALT Encoding   

  12  0:02  Drone  
  13  0:12  Overlord  
  13  0:19  Drone  
  14  0:30  Drone x2  
  16  0:36  Drone  
  17  0:58  Drone  
  17  1:00  Hatchery  
  17  1:02  Extractor  
  16  1:08  Drone  
  17  1:19  Spawning Pool, Drone  
  17  1:26  Drone  
  18  1:33  Drone  
  18  1:39  Overlord  
  19  2:08  Queen  
  19  2:13  Roach Warren, Drone  
  21  2:20  Zergling x6  
  21  2:21  Queen  
  26  2:30  Zergling x4  
  28  2:37  Metabolic Boost  
  28  2:45  Drone x3  
  31  2:56  Drone x2  
  33  3:02  Drone  
  34  3:08  Drone x2  
  36  3:23  Overlord  
  36  3:25  Overlord  
  32  3:35  Roach x2  
  32  3:36  Overlord  
  32  3:40  Lair  
  36  3:49  Roach  
  36  3:50  Roach x2, Evolution Chamber x2  
  36  3:53  Drone  
  41  3:59  Zergling x2  
  41  4:00  Zergling x2  
  41  4:01  Drone  
  44  4:09  Roach  
  41  4:20  Roach x3  
  41  4:21  Roach  
  47  4:31  Zergling x10  
  52  4:43  Extractor  
  48  5:00  Zerg Missile Weapons Level 1  
  48  5:01  Drone  
  48  5:02  Drone x3  
  52  5:16  Hatchery  
  51  5:23  Roach  
  51  5:24  Roach x2  
  51  5:26  Zergling x6  
  51  5:27  Overlord x2  
  54  5:50  Roach  
  54  5:51  Roach x3  
  54  5:55  Extractor  
  61  5:58  Extractor  
  60  6:15  Zergling x16  
  68  6:18  Glial Reconstitution  
  68  6:21  Drone  
  57  6:32  Queen  
  57  6:36  Drone x6  
  65  6:55  Hydralisk Den  
  65  6:56  Roach x7  
  78  7:07  Drone  
  78  7:08  Drone x3  
  82  7:10  Overlord  
  82  7:27  Overlord x3  
  82  7:38  Muscular Augments  
  82  7:40  Drone  
  82  7:41  Drone x7  
  90  7:44  Overlord  
  90  7:50  Zerg Missile Weapons Level 2  
  90  7:57  Drone x2  
  92  7:59  Drone x2  
  94  8:08  Infestation Pit  
  94  8:10  Drone x3  
  94  8:11  Drone  
  94  8:12  Hydralisk  
  99  8:21  Zerg Ground Armor Level 1  
  99  8:35  Hydralisk  
  99  8:36  Hydralisk x5  
  111  8:45  Spore Crawler  
  111  8:47  Spore Crawler  
  109  8:52  Drone, Spore Crawler  
  109  8:53  Drone x7  
  88  9:17  Roach x3  
  88  9:18  Roach x6  
  95  9:32  Roach x5  
  103  9:40  Extractor  
  103  9:41  Extractor  
  101  9:52  Roach  
  103  9:53  Roach x6  
  103  9:59  Hive  
  115  10:11  Overlord  
  115  10:12  Overlord x2  
  115  10:23  Overlord x2  
  84  11:02  Roach x7  
  84  11:03  Roach x5  
  90  11:10  Zerg Ground Armor Level 2  
  78  11:16  Zerg Missile Weapons Level 3  
  74  11:22  Roach x3  
  73  11:48  Hatchery  
  73  11:51  Hatchery  
  71  11:58  Ultralisk Cavern  
  70  12:07  Drone x9  
  79  12:28  Overseer  
  79  12:29  Overseer x3  
  79  12:37  Hydralisk x4  
  79  12:38  Hydralisk x6  
  99  12:52  Ultralisk  
  99  12:56  Drone  
  99  12:57  Drone  
  107  13:11  Ultralisk  
  113  13:22  Extractor  
  113  13:25  Drone x2  
  114  13:31  Hydralisk x3  
  120  13:41  Ultralisk  
  126  13:58  Extractor  
  125  14:24  Zergling x26  
  126  14:25  Zergling x10  
Show
View Real Time Build Order
Export as new Build Order

Yata Zerg - Winner!

Build Orders: Hatch First 

Get SALT Encoding   

  12  0:01  Drone  
  13  0:12  Overlord  
  13  0:18  Drone  
  14  0:31  Drone x2  
  17  0:35  Drone  
  17  0:55  Hatchery, Drone  
  17  1:00  Drone  
  18  1:10  Extractor  
  17  1:15  Spawning Pool  
  16  1:19  Drone  
  16  1:22  Drone  
  18  1:28  Drone  
  19  1:42  Drone  
  20  1:50  Overlord  
  20  2:00  Drone  
  21  2:06  Queen  
  21  2:07  Queen  
  25  2:12  Zergling x4  
  25  2:14  Metabolic Boost  
  27  2:20  Drone  
  28  2:23  Drone  
  29  2:33  Baneling Nest  
  29  2:35  Drone x2  
  30  2:49  Overlord, Drone  
  31  2:56  Drone x2  
  33  3:08  Zergling x4  
  35  3:15  Drone x4  
  35  3:18  Baneling x2  
  35  3:19  Zergling x8  
  43  3:33  Zergling x4  
  44  3:42  Baneling Nest  
  44  3:44  Evolution Chamber  
  43  3:51  Pneumatized Carapace  
  44  3:55  Drone  
  44  3:57  Overlord x3  
  44  4:01  Baneling  
  44  4:02  Baneling x2  
  43  4:12  Zergling x4  
  42  4:36  Extractor  
  41  4:40  Roach Warren, Zerg Missile Weapons Level 1  
  40  4:52  Zergling x10  
  40  4:53  Zergling x6  
  42  5:09  Drone x3  
  42  5:10  Drone x5  
  42  5:12  Overlord  
  50  5:14  Baneling  
  50  5:15  Baneling  
  50  5:16  Queen  
  54  5:24  Lair  
  54  5:27  Drone x2  
  54  5:28  Drone x4  
  53  5:36  Zergling x4  
  53  5:37  Zergling x4  
  50  5:47  Roach  
  50  5:48  Roach  
  44  5:56  Roach x4  
  47  6:11  Roach x3  
  53  6:21  Queen  
  53  6:23  Drone x2  
  57  6:28  Roach x3  
  63  6:34  Glial Reconstitution  
  63  6:40  Drone x2  
  63  6:44  Roach x2  
  69  6:56  Drone x4  
  69  6:57  Extractor x2, Queen  
  69  6:58  Overlord  
  73  7:08  Roach  
  73  7:14  Zerg Ground Armor Level 1  
  75  7:20  Drone x2  
  77  7:23  Overlord x2  
  77  7:27  Roach  
  77  7:28  Roach  
  81  7:34  Hydralisk Den  
  80  7:43  Roach x2  
  80  7:44  Roach  
  86  7:53  Roach x4  
  86  7:54  Roach  
  96  8:21  Muscular Augments  
  96  8:22  Overlord x4  
  96  8:29  Overlord  
  96  8:30  Overlord  
  96  8:45  Hydralisk x3  
  96  8:46  Hydralisk  
  104  8:56  Hydralisk  
  104  8:57  Hydralisk x2  
  104  9:02  Roach x2  
  101  9:33  Hydralisk x7  
  115  9:53  Zerg Missile Weapons Level 2  
  115  10:00  Evolution Chamber  
  115  10:03  Hatchery  
  115  10:06  Queen  
  113  10:09  Queen  
  117  10:15  Lurker Den  
  117  10:20  Roach  
  119  10:25  Drone  
  119  10:26  Drone x2  
  119  10:28  Drone  
  123  10:47  Roach  
  123  10:48  Roach x4  
  123  10:49  Roach  
  103  10:57  Roach x2  
  93  11:07  Roach x3  
  95  11:18  Spore Crawler  
  94  11:19  Spore Crawler  
  94  11:21  Drone  
  94  11:22  Drone x3  
  97  11:35  Drone x6  
  97  11:36  Drone  
  104  11:50  Zergling x8  
  104  11:51  Zergling x4  
  110  11:56  Drone  
  110  11:57  Drone x3  
  114  12:12  Hatchery  
  113  12:31  Hydralisk x6  
  113  12:35  Overlord  
  125  12:54  Hydralisk x3  
  125  12:55  Hydralisk  
  133  13:06  Hatchery  
  132  13:19  Roach x5  
  144  13:20  Roach x5  
  152  13:38  Drone x5  
  152  13:39  Drone x3  
  152  13:41  Overlord x2  
  154  14:19  Roach x8  
  154  14:20  Roach x5  
  168  14:35  Hydralisk  
  168  14:36  Hydralisk x8  
  182  14:42  Overlord x2  
  182  14:43  Overlord x2  
Tags
 
Matchup
ZvZ
Race
Zerg
Replay Pack
Pack 1
Spawn Locations
Cross Positions
Add a new tag
Caveats
  • Supply blocks, unpowered buildings, or Contaminate may cause inaccurate times.
  • Supply counts are checked every 10 seconds.